BR (22 & UNDER)
PLYMOUTH COCKS @ SANTA ANNA DUKES
09/13/2030
 
TOP OF THE 1ST
Plymouth Cocks batting - Pitching for Santa Anna Dukes : RHP Jorge Durán
Pitching: RHP Jorge Durán
Batting: LHB Yuan-zhang Ge 0-0: Called Strike
0-1: Ball
1-1: Foul Ball, location: 2F
1-2: Ball
2-2: Strikes out looking
Batting: SHB Juan Morales 0-0: Called Strike
0-1: Fly out, F8 (Flyball, 8RS)
Batting: LHB Armando Vázquez 0-0: Called Strike
0-1: Swinging Strike
0-2: Ball
1-2: Hit by Pitch
Batting: RHB Gabriel González 0-0: Ball
1-0: Ball
2-0: Ground out 6-3 (Groundball, 56)
Top of the 1st over - 0 runs, 0 hits, 0 errors, 1 left on base; Plymouth 0 - Santa Anna 0
BOTTOM OF THE 1ST
Santa Anna Dukes batting - Pitching for Plymouth Cocks : RHP Ji-e Tsu
Pitching: RHP Ji-e Tsu
Batting: RHB Félix Sánchez 0-0: SINGLE (Line Drive, 6MD)
Pitching: LHP William Evans
Batting: RHB José Germán 0-0: SINGLE (Flyball, 89S)
Félix Sánchez to second
Runner from 2nd tries for 3rd, SAFE, no throw
Batting: LHB Luis Miguel Martínez 0-0: Swinging Strike
0-1: Ball
1-1: Ball
2-1: Ball
3-1: Base on Balls
José Germán to second
Batting: LHB Francisco Madraso 0-0: Ball
1-0: Ball
2-0: Ball
3-0: Base on Balls
Félix Sánchez scores
José Germán to third
Luis Miguel Martínez to second
Batting: RHB Pedro Velásquez 0-0: Foul Ball, location: 2F
0-1: SINGLE (Groundball, 56D)
José Germán scores
Luis Miguel Martínez to third
Francisco Madraso to second
Batting: RHB Pancho López 0-0: Called Strike
0-1: DOUBLE (Line Drive, 7LD)
Luis Miguel Martínez scores
Francisco Madraso scores
Pedro Velásquez to third
Runner from 3rd tries for Home, SAFE, no throw
Pitching: RHP Jaime Vallejo
Batting: RHB Félix Sandoval 0-0: Ball
1-0: Foul Ball, location: 2F
1-1: Swinging Strike
1-2: Strikes out looking
Batting: RHB Pablo Quintanilla 0-0: Ball
1-0: Swinging Strike
1-1: Foul Ball, location: 2F
1-2: Strikes out swinging
Batting: RHB Jon Hinton 0-0: Ball
1-0: Swinging Strike
1-1: Ball
2-1: Called Strike
2-2: Foul Ball, location: 2F
2-2: Strikes out swinging
Bottom of the 1st over - 5 runs, 4 hits, 0 errors, 1 left on base; Plymouth 0 - Santa Anna 5
TOP OF THE 2ND
Plymouth Cocks batting - Pitching for Santa Anna Dukes : RHP Jorge Durán
Batting: RHB Francisco Gonzáles 0-0: Called Strike
0-1: Swinging Strike
0-2: Fly out, F9 (Flyball, 9)
Batting: RHB Edgardo Hernández 0-0: Swinging Strike
0-1: Ball
1-1: Foul Ball, location: 2F
1-2: Strikes out swinging
Batting: LHB William Morgan 0-0: Ground out 1-3 (Groundball, 13S)
Top of the 2nd over - 0 runs, 0 hits, 0 errors, 0 left on base; Plymouth 0 - Santa Anna 5
BOTTOM OF THE 2ND
Santa Anna Dukes batting - Pitching for Plymouth Cocks : RHP Jaime Vallejo
Batting: RHB Félix Sánchez 0-0: Fly out, F4 (Popup, 4M)
Batting: RHB José Germán 0-0: SOLO HOME RUN (Flyball, 7D), Distance : 406 ft
Batting: LHB Luis Miguel Martínez 0-0: Called Strike
0-1: Called Strike
0-2: Ball
1-2: Ball
2-2: Ball
3-2: Base on Balls
Batting: LHB Francisco Madraso 0-0: SINGLE (Line Drive, 8LS)
Luis Miguel Martínez to second
Batting: RHB Pedro Velásquez 0-0: Ball
1-0: Reached on error, E6 (Groundball, 6)
Luis Miguel Martínez to third
Francisco Madraso to second
Batting: RHB Pancho López 0-0: Called Strike
0-1: DOUBLE (Groundball, 5L)
Luis Miguel Martínez scores
Francisco Madraso scores
Pedro Velásquez to third
Runner from 3rd tries for Home, SAFE, no throw
Batting: RHB Félix Sandoval 0-0: Foul Ball, location: 2F
0-1: Ball
1-1: DOUBLE (Line Drive, 89D)
Pancho López scores
Batting: RHB Pablo Quintanilla 0-0: Ball
1-0: Ball
2-0: Called Strike
2-1: Fly out, F8 (Flyball, 8RS)
Batting: RHB Jon Hinton 0-0: Called Strike
0-1: Ball
1-1: Ground out 4-3 (Groundball, 4)
Bottom of the 2nd over - 5 runs, 4 hits, 1 error, 1 left on base; Plymouth 0 - Santa Anna 10
TOP OF THE 3RD
Plymouth Cocks batting - Pitching for Santa Anna Dukes : RHP Jorge Durán
Batting: RHB Kevin Hawkins 0-0: Ball
1-0: Ball
2-0: Foul Ball, location: 2F
2-1: Foul Ball, location: 2F
2-2: Ball
3-2: Fly out, F5 (Line Drive, 5)
Batting: RHB Diego Santos 0-0: Ball
1-0: Ball
2-0: Called Strike
2-1: Ground out 4-3 (Groundball, 4)
Batting: LHB Yuan-zhang Ge 0-0: SINGLE (Groundball, 34D)
Batting: SHB Juan Morales 0-0: SINGLE (Line Drive, 8RS)
Yuan-zhang Ge to second
Batting: LHB Armando Vázquez 0-0: Ball
1-0: Ball
2-0: Called Strike
2-1: Called Strike
2-2: Ball
3-2: Strikes out swinging
Top of the 3rd over - 0 runs, 2 hits, 0 errors, 2 left on base; Plymouth 0 - Santa Anna 10
BOTTOM OF THE 3RD
Santa Anna Dukes batting - Pitching for Plymouth Cocks : RHP Jaime Vallejo
Batting: RHB Félix Sánchez 0-0: Swinging Strike
0-1: Ground out 5-3 (Groundball, 5S)
Batting: RHB José Germán 0-0: Ball
1-0: Ball
2-0: Ball
3-0: Foul Ball, location: 2F
3-1: Foul Ball, location: 2F
3-2: SINGLE (Line Drive, 56D)
Batting: LHB Luis Miguel Martínez 0-0: Ball
1-0: Ball
2-0: Called Strike
2-1: Foul Ball, location: 2F
2-2: Grounds into double play, 4-6-3 (Groundball, 4)
Bottom of the 3rd over - 0 runs, 1 hit, 0 errors, 0 left on base; Plymouth 0 - Santa Anna 10
TOP OF THE 4TH
Plymouth Cocks batting - Pitching for Santa Anna Dukes : RHP Jorge Durán
Batting: RHB Gabriel González 0-0: Called Strike
0-1: Foul Ball, location: 2F
0-2: Ball
1-2: Ball
2-2: Ball
3-2: Foul Ball, location: 2F
3-2: Ground out 6-3 (Groundball, 6)
Batting: RHB Francisco Gonzáles 0-0: Fly out, F9 (Flyball, 9)
Batting: RHB Edgardo Hernández 0-0: Ball
1-0: Called Strike
1-1: Fly out, F4 (Popup, 34D)
Top of the 4th over - 0 runs, 0 hits, 0 errors, 0 left on base; Plymouth 0 - Santa Anna 10
BOTTOM OF THE 4TH
Santa Anna Dukes batting - Pitching for Plymouth Cocks : RHP Jaime Vallejo
Batting: LHB Francisco Madraso 0-0: Ball
1-0: Swinging Strike
1-1: Foul Ball, location: 2F
1-2: Ball
2-2: Ball
3-2: SINGLE (Groundball, 56) (infield hit)
Pitching: RHP Héctor Ortíz
Batting: RHB Pedro Velásquez 0-0: Ball
1-0: Foul Ball, location: 2F
1-1: Fly out, F8 (Flyball, 78D)
Batting: RHB Pancho López 0-0: Foul Ball, location: 2F
0-1: Called Strike
0-2: Ball
1-2: Ball
2-2: Ball
3-2: Base on Balls
Francisco Madraso to second
Batting: RHB Félix Sandoval 0-0: Swinging Strike
0-1: Ball
1-1: Swinging Strike
1-2: Ball
2-2: Grounds into double play, 1-6-3 (Groundball, 13S)
Bottom of the 4th over - 0 runs, 1 hit, 0 errors, 1 left on base; Plymouth 0 - Santa Anna 10
TOP OF THE 5TH
Plymouth Cocks batting - Pitching for Santa Anna Dukes : RHP Jorge Durán
Batting: LHB William Morgan 0-0: Ball
1-0: Called Strike
1-1: Ball
2-1: DOUBLE (Line Drive, 78D)
Batting: RHB Kevin Hawkins 0-0: Ball
1-0: Foul Ball, location: 2F
1-1: Foul Ball, location: 2F
1-2: Foul Ball, location: 2F
1-2: Foul Ball, location: 2F
1-2: Ball
2-2: TRIPLE (Flyball, 89XD)
William Morgan scores
Batting: RHB Diego Santos 0-0: Ball
1-0: Called Strike
1-1: Swinging Strike
1-2: Ground out U3 (Groundball, 3S)
Batting: LHB Yuan-zhang Ge 0-0: Ball
1-0: Called Strike
1-1: Swinging Strike
1-2: Strikes out swinging
Batting: SHB Juan Morales 0-0: Ball
1-0: SINGLE (Groundball, 4MD)
Kevin Hawkins scores
Batting: LHB Armando Vázquez 0-0: Foul Ball, location: 2F
0-1: Ball
1-1: Called Strike
1-2: Foul Ball, location: 2F
1-2: Strikes out swinging
Top of the 5th over - 2 runs, 3 hits, 0 errors, 1 left on base; Plymouth 2 - Santa Anna 10
BOTTOM OF THE 5TH
Santa Anna Dukes batting - Pitching for Plymouth Cocks : RHP Héctor Ortíz
Batting: RHB Pablo Quintanilla 0-0: Ball
1-0: Called Strike
1-1: SINGLE (Line Drive, 6M)
Batting: RHB Jon Hinton 0-0: Ball
1-0: Called Strike
1-1: Grounds into double play, 6-4-3 (Groundball, 6)
Batting: RHB Félix Sánchez 0-0: Ball
1-0: SINGLE (Groundball, 6MD)
Batting: RHB José Germán 0-0: Ball
1-0: Called Strike
1-1: Fielders Choice at 2nd, U4 (Groundball, 4M)
Bottom of the 5th over - 0 runs, 2 hits, 0 errors, 1 left on base; Plymouth 2 - Santa Anna 10
TOP OF THE 6TH
Plymouth Cocks batting - Pitching for Santa Anna Dukes : RHP Jorge Durán
Batting: RHB Gabriel González 0-0: Called Strike
0-1: Swinging Strike
0-2: Ball
1-2: Strikes out looking
Batting: RHB Francisco Gonzáles 0-0: Ball
1-0: Fly out, F8 (Flyball, 8LM)
Batting: RHB Edgardo Hernández 0-0: Called Strike
0-1: Called Strike
0-2: Strikes out swinging
Top of the 6th over - 0 runs, 0 hits, 0 errors, 0 left on base; Plymouth 2 - Santa Anna 10
BOTTOM OF THE 6TH
Santa Anna Dukes batting - Pitching for Plymouth Cocks : RHP Héctor Ortíz
Batting: LHB Luis Miguel Martínez 0-0: Called Strike
0-1: Ball
1-1: Ball
2-1: Ball
3-1: Base on Balls
Batting: LHB Francisco Madraso 0-0: Grounds into double play, 6-4-3 (Groundball, 6)
Batting: RHB Pedro Velásquez 0-0: Ball
1-0: Called Strike
1-1: Ball
2-1: SINGLE (Line Drive, 34)
Batting: RHB Pancho López 0-0: Called Strike
0-1: Ball
Pickoff Throw by Catcher to First - Error! E2
Pedro Velásquez to second
1-1: Swinging Strike
1-2: Foul Ball, location: 2F
1-2: Strikes out looking
Bottom of the 6th over - 0 runs, 1 hit, 1 error, 1 left on base; Plymouth 2 - Santa Anna 10
TOP OF THE 7TH
Plymouth Cocks batting - Pitching for Santa Anna Dukes : RHP Jorge Durán
Batting: LHB William Morgan 0-0: Ball
1-0: Foul Ball, location: 2F
1-1: Ball
2-1: Ball
3-1: Foul Ball, location: 2F
3-2: SINGLE (Flyball, 7LS)
Batting: RHB Kevin Hawkins 0-0: Ball
1-0: Called Strike
1-1: Foul Ball, location: 2F
1-2: Foul Ball, location: 2F
1-2: SINGLE (Line Drive, 8LS)
William Morgan to second
Batting: RHB Diego Santos 0-0: Ball
1-0: Foul Ball, location: 2F
1-1: Called Strike
1-2: Ball
2-2: Ball
3-2: Foul Ball, location: 2F
3-2: Strikes out swinging
Pitching: LHP Omero Luciani
Batting: LHB Yuan-zhang Ge 0-0: Ball
1-0: Swinging Strike
1-1: Foul Ball, location: 2F
1-2: Foul Ball, location: 2F
1-2: Ball
2-2: Foul Ball, location: 2F
2-2: Foul Ball, location: 2F
2-2: Grounds into double play, 5-4-3 (Groundball, 56)
Top of the 7th over - 0 runs, 2 hits, 0 errors, 1 left on base; Plymouth 2 - Santa Anna 10
BOTTOM OF THE 7TH
Santa Anna Dukes batting - Pitching for Plymouth Cocks : RHP Héctor Ortíz
Batting: RHB Félix Sandoval 0-0: Called Strike
0-1: Ball
1-1: SINGLE (Groundball, 6MD)
Batting: RHB Pablo Quintanilla 0-0: Foul Ball, location: 2F
0-1: SINGLE (Groundball, 6MD)
Félix Sandoval to second
Batting: RHB Jon Hinton 0-0: Swinging Strike
0-1: Ball
1-1: Swinging Strike
1-2: Foul Ball, location: 2F
1-2: Ball
2-2: Foul Ball, location: 2F
2-2: Foul Ball, location: 2F
2-2: Ball
3-2: SINGLE (Groundball, 56D)
Félix Sandoval to third
Pablo Quintanilla to second
Batting: RHB Félix Sánchez 0-0: SINGLE (Groundball, 6MD)
Félix Sandoval scores
Pablo Quintanilla to third
Jon Hinton to second
Batting: RHB José Germán 0-0: Called Strike
0-1: Ball
1-1: Fly out, F3 (Popup, 23F)
Batting: LHB Luis Miguel Martínez 0-0: Called Strike
0-1: Called Strike
0-2: Ball
1-2: Strikes out swinging
Batting: LHB Francisco Madraso 0-0: Ball
1-0: Ball
2-0: Ball
3-0: Foul Ball, location: 2F
3-1: Base on Balls
Pablo Quintanilla scores
Jon Hinton to third
Félix Sánchez to second
Batting: RHB Pedro Velásquez 0-0: SINGLE (Flyball, 9LS)
Jon Hinton scores
Félix Sánchez to third
Francisco Madraso to second
Runner from 3rd tries for Home, SAFE, no throw
Pinch Hitting: LHB Jesús Medina 0-0: DOUBLE (Line Drive, 7LS)
Francisco Madraso scores
Pedro Velásquez to third
Runner from 3rd tries for Home, SAFE, no throw
Batting: RHB Félix Sandoval 0-0: Fly out, F8 (Flyball, 8RM)
Bottom of the 7th over - 6 runs, 6 hits, 0 errors, 1 left on base; Plymouth 2 - Santa Anna 16
TOP OF THE 8TH
Plymouth Cocks batting - Pitching for Santa Anna Dukes : LHP Omero Luciani
Now in RF: Luis Martínez
Batting: SHB Juan Morales 0-0: Ball
1-0: Ground out 5-3 (Groundball, 56S)
Batting: LHB Armando Vázquez 0-0: Called Strike
0-1: Ball
1-1: Ground out 1-3 (Groundball, 15S)
Batting: RHB Gabriel González 0-0: Ball
1-0: Fly out, F6 (Popup, 6)
Top of the 8th over - 0 runs, 0 hits, 0 errors, 0 left on base; Plymouth 2 - Santa Anna 16
BOTTOM OF THE 8TH
Santa Anna Dukes batting - Pitching for Plymouth Cocks : RHP Héctor Ortíz
Batting: RHB Pablo Quintanilla 0-0: Fly out, F8 (Flyball, 8LD)
Batting: RHB Jon Hinton 0-0: Called Strike
0-1: Fly out, F9 (Line Drive, 9)
Batting: RHB Félix Sánchez 0-0: Foul Ball, location: 2F
0-1: Ball
1-1: Ball
2-1: SINGLE (Groundball, 6MD)
Batting: RHB José Germán 0-0: Fly out, F8 (Flyball, 8LM)
Bottom of the 8th over - 0 runs, 1 hit, 0 errors, 1 left on base; Plymouth 2 - Santa Anna 16
TOP OF THE 9TH
Plymouth Cocks batting - Pitching for Santa Anna Dukes : LHP Omero Luciani
Now at C: Jarrod Campbell
Now at 3B: Eric Hillman
Batting: RHB Francisco Gonzáles 0-0: Ball
1-0: Ball
2-0: Ball
3-0: Called Strike
3-1: Foul Ball, location: 2F
3-2: Base on Balls
Batting: RHB Edgardo Hernández 0-0: Ball
1-0: Fly out, F7 (Flyball, 7)
Batting: LHB William Morgan 0-0: Called Strike
0-1: Grounds into double play, 5-4-3 (Groundball, 5)
Top of the 9th over - 0 runs, 0 hits, 0 errors, 0 left on base; Plymouth 2 - Santa Anna 16
Saturday, April 7th, 2018 - OOTP Baseball 18.8 Build 76